 Dungeon Crawl Stone Soup version 0.27.1-4-g1640c2035a (webtiles) character file.

Game seed: 10497731686422525210

123551 Johnny the Fencer (level 17, -1/146 HPs)
             Began as a Human Berserker on Nov 3, 2021.
             Was an Elder of Trog.
             Collided with a rock wall (9 damage)
             ... caused by a deep elf knight
             ... on level 2 of the Elven Halls.
             The game lasted 00:39:59 (34167 turns).

Johnny the Fencer (Human Berserker)                Turns: 34167, Time: 00:40:00

Health: -1/146     AC: 41    Str: 29    XL:     17   Next: 45%
Magic:  0/17       EV: 15    Int:  9    God:    Trog [****..]
Gold:   840        SH:  0    Dex: 23    Spells: 16/16 levels left

rFire    + . .     SeeInvis .   P - +0 scimitar (flame)
rCold    . . .     Faith    .   (no shield)
rNeg     . . .     Spirit   +   a - +13 crystal plate armour of the Orb Guardian {Dex+7}
rPois    .         Reflect  .   U - +2 helmet {Int+3}
rElec    .         Harm     .   C - +1 cloak {Stlth+}
rCorr    .         Rampage  .   s - +0 pair of gloves
Will     +....                  M - +0 pair of boots "Omall" {+Inv rF+ Dex+2}
Stlth    ..........             D - amulet of guardian spirit
HPRegen  0.34/turn              O - +4 ring of evasion
MPRegen  0.15/turn              f - +6 ring of strength

@: lethally poisoned (-1 -> -35), on berserk cooldown, slowed, very slow
A: dopey 1
a: Renounce Religion, Evoke Invisibility, Berserk, Trog's Hand, Brothers in Arms


You were on level 2 of the Elven Halls.
You worshipped Trog.
Trog was greatly pleased with you.
You visited 5 branches of the dungeon, and saw 27 of its levels.
You also visited: Gauntlet.

You collected 2709 gold pieces.
You spent 1869 gold pieces at shops.

Inventory:

Hand Weapons
 n - a +2 great sword of flaming
 q - a +0 long sword of freezing
 r - a +4 great sword of flaming
 B - a +1 great sword of holy wrath
 K - a +2 great sword
 P - a +0 scimitar of flaming (weapon)
 Y - a +2 vorpal great sword
Armour
 a - the +13 crystal plate armour of the Orb Guardian (worn) {Dex+7}
   (You bought it in a shop on level 2 of the Orcish Mines)

   Dex:       It affects your dexterity (+7).
 s - a +0 pair of gloves (worn)
 x - a +3 troll leather armour {Snorg}
 C - a +1 cloak of stealth (worn)
 M - the +0 pair of boots "Omall" (worn) {+Inv rF+ Dex+2}
   (You found it in a Gauntlet)

   Dex:       It affects your dexterity (+2).
   rF:        It protects you from fire.
   +Inv:      It lets you turn invisible.
 U - a +2 helmet of intelligence (worn)
Jewellery
 b - a ring of willpower
 f - a +6 ring of strength (right hand)
 k - a ring of see invisible
 v - a +6 ring of strength
 w - a ring of resist corrosion
 D - an amulet of guardian spirit (around neck)
 O - a +4 ring of evasion (left hand)
 T - an amulet of faith
Wands
 F - a wand of flame (17)
 R - a wand of acid (11)
Scrolls
 g - 4 scrolls of fog
 l - a scroll of vulnerability
 m - 5 scrolls of noise
 t - 3 scrolls of magic mapping
 y - 3 scrolls of enchant weapon
 G - 3 scrolls of fear
 H - 2 scrolls of teleportation
 I - a scroll of enchant armour
 Q - 5 scrolls of identify
 S - a scroll of immolation
Potions
 c - 4 potions of berserk rage
 d - 2 potions of resistance
 e - 5 potions of heal wounds
 h - 3 potions of lignification
 p - 6 potions of degeneration
 u - 5 potions of haste
 z - 2 potions of invisibility
 A - 5 potions of brilliance
 E - 3 potions of attraction
 L - 7 potions of curing
 N - 3 potions of mutation
 W - 2 potions of might
 X - 4 potions of flight
Miscellaneous
 i - a tin of tremorstones (2/2)
 j - a condenser vane
 o - a box of beasts
 J - a phial of floods


   Skills:
 - Level 16.9 Fighting
 + Level 18.8 Long Blades
 - Level 9.7 Armour
 - Level 9.8 Dodging
 - Level 5.5 Evocations


You had 16 spell levels left.
You didn't know any spells.
Your spell library was empty.

Dungeon Overview and Level Annotations

Branches:
Dungeon (15/15)            Temple (0/1) D:4            Lair (6/6) D:9
 Shoals (0/4) Lair:4        Snake (1/4) Lair:4        Slime (0/5) Lair:5
    Orc (2/2) D:10            Elf (3/3) Orc:2        Vaults (0/5) D:14
 Depths (0/5) D:15        Gauntlet (visited)

Altars:
Dithmenos
Gozag
Kikubaaqudgha
Makhleb
Ru
Trog
Uskayaw
Wu Jian
Yredelemnul
Beogh
Jiyva

Shops:
D:9 *   Orc:2 [=*(

Portals:
Trove: D:12 (give +6 demon whip)

Annotations:
D:5 1 runed translucent door
D:7 3 runed translucent doors, harness's ghost, novice TeGl
D:10 2 transporters
Lair:1 3 runed translucent doors, kalagan's ghost, novice DECj
Lair:5 1 runed translucent door


Innate Abilities, Weirdness & Mutations

You are dopey. (Int -2)


Message History

The +4 hand axe of venom hits you.
You are more poisoned.
The deep elf zephyrmancer mumbles some strange words.
The deep elf zephyrmancer blinks!
You are covered in liquid flames!
You are no longer on fire.
You feel extremely sick.
The +4 hand axe of venom hits you but does no damage.
You are more poisoned.
The +4 hand axe of venom closely misses you.
You climb upwards.
* * * LOW HITPOINT WARNING * * *
You feel extremely sick.
The deep elf zephyrmancer casts a spell at you.
The bolt of lightning misses you.
The bolt of lightning hits the +4 hand axe of venom.
The +4 hand axe of venom completely resists.
The deep elf knight closely misses you.
You riposte.
You closely miss the deep elf knight.
The deep elf knight hits you with a +0 scimitar!
* * * LOW HITPOINT WARNING * * *
Something completely misses you.
There is a stone staircase leading down, spattered with blood here.
Okay, then.
Okay, then.
You feel very sick.
The +4 hand axe of venom hits you but does no damage.
The +4 hand axe of venom hits you!
* * * LOW HITPOINT WARNING * * *
You are more poisoned.
The deep elf knight casts a spell at you.
The shard of ice hits something!!
You hear some strange, mumbled words.
A lance of force appears from out of thin air!
Deactivating autopickup; reactivate with Ctrl-A.
The lance of force hits you.
* * * LOW HITPOINT WARNING * * *
You are knocked back by the lance of force.
You slam into the rock wall!
You die...

......## +###...## .#
#....## .# #.....## # .#
#......## .# .###.).....##
.# ...'........##########.#
[.
...#.........'[$({ee...#....
##.#...).....###@#)[...'....
#.#.).).....# #.###e###....
#.#......(..# #.# #ยง# .
#.#.........# #.# #.#
#.#........## #.# #e#
#+##......## #.# #{#
....>(#+# #.# ... .......#
#.# ... .......# ...


You could see a deep elf knight, a deep elf zephyrmancer and a +4 hand axe of
venom.

Vanquished Creatures
  Rupert (Lair:5)
  Gastronok (D:11)
  An orc warlord (Orc:2)
  A minotaur (Gauntlet)
  Snorg (D:14)
  2 deep elf high priests
  Fannar (D:11)
  3 vault guards (D:14)
  Harold (D:11)
  A fire dragon (D:14)
  3 hydras
  A catoblepas (D:14)
  6 centaur warriors
  An ogre mage (D:14)
  A death knight (D:12)
  4 two-headed ogres
  6 orc high priests (Orc:2)
  A tengu warrior (D:14)
  A hell hog (Gauntlet)
  5 dancing weapons (Elf:1)
  Urug (Lair:4)
  4 deep elf knights
  A soul eater (Gauntlet)
  4 skeletal warriors (D:14)
  A sea snake (shapeshifter) (D:15)
  A goliath frog (Lair:6)
  3 deep elf archers
  2 wizards (D:15)
  A glowing orange brain (D:15)
  16 deep elf pyromancers
  2 lindwurms (Lair:5)
  4 orc knights
  A mana viper (shapeshifter) (Elf:1)
  11 deep elf zephyrmancers
  6 orc sorcerers
  2 cyclopes (D:14)
  An elephant (Lair:5)
  6 ugly things
  A moth of wrath (Lair:6)
  3 manticores
  3 torpor snails
  9 black mambas
  An eye of devastation (D:9)
  A kobold demonologist (D:13)
  An unseen horror (D:13)
  16 komodo dragons
  22 cane toads
  A minotaur zombie (Gauntlet)
  7 rime drakes
  A yaktaur (D:14)
  6 trolls
  A guardian mummy (D:12)
  3 meliai (D:15)
  A troll (shapeshifter) (D:13)
  5 polar bears
  4 tyrant leeches (Lair:6)
  A raiju (D:14)
  A hornet (D:9)
  10 slime creatures
  32 blink frogs
  11 dream sheep
  4 shadows
  Sigmund (D:6)
  A wraith (D:12)
  A vampire (D:11)
  6 air elementals (Elf:1)
  A wyvern (shapeshifter) (D:14)
  9 water elementals
  37 yaks
  2 yaks (shapeshifter)
  11 wyverns
  8 basilisks
  A human (D:14)
  6 fire elementals
  3 fire bats (Gauntlet)
  9 vampire mosquitoes
  A warg (Orc:2)
  4 swamp worms (Lair:6)
  3 nagas (Lair:4)
  2 acid dragons
  A harpy simulacrum (D:15)
  8 water moccasins
  A hell hound (Gauntlet)
  A floating eye (shapeshifter) (D:12)
  2 black bears (D:5)
  A sky beast (D:6)
  38 orc warriors
  An ice beast (D:8)
  A necrophage (D:8)
  A tengu (shapeshifter) (D:14)
  12 ogres
  4 wolves (Lair:4)
  19 centaurs
  4 kobold brigands
  9 bullfrogs
  A wyvern zombie (D:7)
  5 scorpions
  An earth elemental (Elf:1)
  A water moccasin zombie (D:5)
  3 killer bees (D:9)
  3 wights (D:8)
  A howler monkey (D:10)
  4 electric eels
  A crimson imp (D:6)
  Crazy Yiuf (D:6)
  A bullfrog zombie (D:5)
  26 orc priests
  2 centaur skeletons (D:7)
  2 bullfrog skeletons (D:6)
  3 iguanas
  A scorpion zombie (D:5)
  Ijyb (D:4)
  6 hell rats (D:14)
  19 orc wizards
  A killer bee zombie (D:6)
  A hound skeleton (D:5)
  A howler monkey zombie (D:9)
  19 adders
  2 shadow imps (Gauntlet)
  2 white imps (D:5)
  3 ufetubi
  3 dart slugs
  92 orcs
  8 endoplasms
  8 giant cockroaches
  13 hobgoblins
  13 kobolds
  5 quokkas
  7 ball pythons
  13 bats
  6 frilled lizards
  11 goblins
  9 rats
762 creatures vanquished.

Vanquished Creatures (collateral kills)
  Erica (Lair:2)
  An orc knight (D:14)
  A wolf spider (D:13)
  A rime drake (D:14)
  2 cane toads (Lair:6)
  A polar bear (Lair:5)
  A blink frog (Lair:6)
  2 dream sheep (Lair:5)
  7 yaks
  An orc warrior (Orc:2)
  A sky beast (D:7)
  4 wolves (Lair:2)
  A bullfrog (Lair:6)
  2 wights (D:8)
  An orc priest (Orc:2)
  5 orcs
32 creatures vanquished.

Vanquished Creatures (others)
  A deep elf knight (Elf:1)
  A wyvern (D:14)
  4 electric eels
  An orc wizard (D:7)
  2 kobolds (D:11)
  A bush (D:12)
  23 demonic plants (Gauntlet)
  19 fungi
  72 plants
  6 toadstools (Lair:5)
  6 withered plants (D:14)
136 creatures vanquished.

Grand Total: 930 creatures vanquished

Notes
Turn   | Place    | Note
-------+----------+-------------------------------------------
     0 | D:1      | Johnny the Human Berserker began the quest for the Orb.
     0 | D:1      | Reached XP level 1. HP: 18/18 MP: 1/1
   399 | D:1      | Reached XP level 2. HP: 14/24 MP: 2/2
  1043 | D:1      | Reached XP level 3. HP: 29/29 MP: 3/3
  1470 | D:2      | Reached ** piety under Trog
  1608 | D:2      | Reached skill level 4 in Long Blades
  1845 | D:2      | Reached XP level 4. HP: 33/35 MP: 4/4
  2295 | D:3      | Found an opulent altar of Gozag.
  2647 | D:3      | Found a bloodstained altar of Trog.
  3152 | D:3      | Reached XP level 5. HP: 42/42 MP: 5/5
  3295 | D:4      | Found a staircase to the Ecumenical Temple.
  3306 | D:4      | Reached skill level 5 in Long Blades
  3582 | D:4      | Reached XP level 6. HP: 36/48 MP: 6/6
  3583 | D:4      | Identified the +1 robe "Juschaom" {rElec Will- Int+9
                  | Archmagi}
  3807 | D:4      | Reached *** piety under Trog
  4013 | D:4      | Reached skill level 6 in Long Blades
  4013 | D:4      | Noticed Ijyb
  4031 | D:4      | Killed Ijyb
  4812 | D:5      | Entered Level 5 of the Dungeon
  4831 | D:5      | Reached skill level 7 in Long Blades
  4831 | D:5      | Reached XP level 7. HP: 31/53 MP: 7/7
  5272 | D:5      | Reached skill level 8 in Long Blades
  5385 | D:5      | Reached XP level 8. HP: 7/60 MP: 8/8
  5758 | D:5      | Reached skill level 9 in Long Blades
  6390 | D:5      | Noticed a human
  6391 | D:5      | Found a runed translucent door.
  6395 | D:5      | Found a basalt altar of Yredelemnul.
  6508 | D:6      | Noticed Sigmund
  6526 | D:6      | Killed Sigmund
  6527 | D:6      | Reached skill level 10 in Long Blades
  6632 | D:6      | Reached XP level 9. HP: 65/65 MP: 9/9
  7043 | D:6      | Reached skill level 11 in Long Blades
  7351 | D:6      | Found a burning altar of Makhleb.
  7628 | D:6      | Found a runed translucent door.
  7629 | D:6      | Noticed Crazy Yiuf
  7643 | D:6      | Identified the +8 whip of Qiethri {freeze, rCorr}
  8125 | D:6      | Killed Crazy Yiuf
  8460 | D:7      | Found a hide-covered altar of Uskayaw.
  8606 | D:7      | Reached skill level 12 in Long Blades
  9212 | D:7      | Found a runed translucent gate.
  9212 | D:7      | Found a runed translucent gate.
  9212 | D:7      | Found a runed translucent gate.
  9212 | D:7      | Noticed harness's ghost (novice TeGl)
  9463 | D:8      | Reached XP level 10. HP: 71/71 MP: 10/10
  9495 | D:8      | HP: 3/106 [yak (11)]
  9497 | D:8      | Reached skill level 13 in Long Blades
  9940 | D:8      | Found an ornate altar of the Wu Jian Council.
 10009 | D:8      | Found a shadowy altar of Dithmenos.
 10236 | D:9      | Reached skill level 14 in Long Blades
 10477 | D:9      | Found Geudiomuapn's General Store.
 10573 | D:9      | Bought a potion of heal wounds for 75 gold pieces
 10689 | D:9      | Noticed a two-headed ogre
 10696 | D:9      | Killed a two-headed ogre
 10697 | D:9      | Reached XP level 11. HP: 36/76 MP: 2/11
 10704 | D:9      | Reached skill level 15 in Long Blades
 10905 | D:9      | Found a staircase to the Lair.
 11314 | D:9      | Noticed a boulder beetle
 11321 | D:9      | a boulder beetle changed into an eye of devastation
 11424 | D:10     | Entered Level 10 of the Dungeon
 11555 | D:10     | Noticed a centaur warrior
 11586 | D:10     | Killed a centaur warrior
 11587 | D:10     | Reached skill level 16 in Long Blades
 11954 | D:10     | Found a staircase to the Orcish Mines.
 12285 | D:10     | Found a transporter.
 12287 | D:10     | Found a transporter.
 12295 | D:10     | Found a viscous altar of Jiyva.
 12508 | D:11     | Noticed Harold
 12532 | D:11     | Killed Harold
 12533 | D:11     | Reached skill level 5 in Fighting
 12809 | D:11     | Noticed a two-headed ogre
 12810 | D:11     | Noticed a deep elf pyromancer
 12816 | D:11     | Killed a two-headed ogre
 12822 | D:11     | Killed a deep elf pyromancer
 12823 | D:11     | Reached XP level 12. HP: 89/89 MP: 10/12
 12958 | D:11     | Noticed Gastronok
 13038 | D:11     | Killed Gastronok
 13125 | D:11     | Noticed Fannar
 13154 | D:11     | Killed Fannar
 13624 | D:12     | Noticed a two-headed ogre
 13637 | D:12     | Killed a two-headed ogre
 13857 | D:12     | Reached skill level 10 in Fighting
 13936 | D:12     | Noticed a death knight
 13950 | D:12     | Killed a death knight
 14093 | D:12     | Paralysed by a floating eye for 4 turns
 14299 | D:12     | Found a portal to a secret trove of treasure.
 14772 | D:13     | Found a gate leading to a gauntlet.
 14779 | Gauntlet | Entered a Gauntlet
 14779 | Gauntlet | Found a transporter.
 14779 | Gauntlet | Found a transporter.
 14779 | Gauntlet | Found a transporter.
 14783 | Gauntlet | Found a transporter.
 14784 | Gauntlet | Found a transporter.
 14797 | Gauntlet | Found a transporter.
 14799 | Gauntlet | Found a transporter.
 14801 | Gauntlet | Noticed a hell hog
 14804 | Gauntlet | Noticed a blizzard demon
 14807 | Gauntlet | Found a transporter.
 14898 | Gauntlet | Found a transporter.
 14908 | Gauntlet | Found a transporter.
 14911 | Gauntlet | Noticed a soul eater
 14912 | Gauntlet | Found a transporter.
 14922 | Gauntlet | Found a transporter.
 15037 | Gauntlet | Killed a soul eater
 15038 | Gauntlet | Reached XP level 13. HP: 106/106 MP: 10/13
 15093 | Gauntlet | Identified the +0 pair of boots "Omall" {+Inv rF+ Dex+2}
 15183 | Gauntlet | Identified the +10 spear of Peril {vamp, Int+3}
 15234 | Gauntlet | Noticed a minotaur
 15254 | Gauntlet | Killed a minotaur
 15914 | D:13     | HP: 2/109 [wolf spider (14)]
 16429 | Orc:1    | Entered Level 1 of the Orcish Mines
 16668 | Orc:2    | Entered Level 2 of the Orcish Mines
 16809 | Orc:2    | Reached **** piety under Trog
 17471 | Orc:2    | Found Qary's General Store.
 17508 | Orc:2    | Bought a scroll of identify for 24 gold pieces
 17508 | Orc:2    | Bought 3 scrolls of identify for 72 gold pieces
 17549 | Orc:2    | Found Amucvuit's Antique Weapon Shop.
 18112 | Orc:2    | Reached ***** piety under Trog
 18192 | Orc:2    | Noticed an orc warlord
 18208 | Orc:2    | Killed an orc warlord
 18209 | Orc:2    | Reached XP level 14. HP: 121/121 MP: 10/14
 18305 | Orc:2    | Reached skill level 15 in Fighting
 18873 | Orc:2    | Found Gysm's Armour Boutique.
 18944 | Orc:2    | Found Katorono's Jewellery Emporium.
 19245 | Orc:2    | Found a staircase to the Elven Halls.
 19643 | Lair:1   | Entered Level 1 of the Lair of Beasts
 20311 | Lair:1   | Noticed a minotaur
 20311 | Lair:1   | Noticed kalagan's ghost (novice DECj)
 20351 | Lair:1   | Found a runed translucent gate.
 20351 | Lair:1   | Found a runed translucent gate.
 20351 | Lair:1   | Found a runed translucent gate.
 20727 | Lair:2   | Identified the +6 falchion of Equilibrium {vorpal, rC- rN+
                  | SInv}
 20949 | Lair:2   | Found a hide-covered altar of Uskayaw.
 21236 | Lair:2   | Noticed Erica
 21255 | Lair:2   | Killed Erica
 22102 | Orc:2    | Bought the +13 crystal plate armour of the Orb Guardian
                  | {Dex+7} for 1698 gold pieces
 23492 | Lair:4   | Noticed Urug
 23500 | Lair:4   | Killed Urug
 23779 | Lair:4   | Reached XP level 15. HP: 133/133 MP: 15/15
 23932 | Lair:4   | Identified the +5 rapier "Sirejoes" {antimagic, rPois rF-
                  | Int+2 Dex+4}
 23995 | Lair:4   | Found a staircase to the Snake Pit.
 24113 | Lair:4   | Found a staircase to the Shoals.
 24127 | Lair:4   | Reached skill level 5 in Armour
 24127 | Lair:4   | Reached skill level 5 in Dodging
 24704 | Lair:5   | Noticed Rupert
 24720 | Lair:5   | Killed Rupert
 25451 | Lair:5   | Found a runed translucent door.
 25618 | Lair:5   | Found a runed translucent door.
 25618 | Lair:5   | Found a viscous altar of Jiyva.
 25619 | Lair:5   | Found a staircase to the Slime Pits.
 25619 | Lair:5   | Noticed an acid blob
 25619 | Lair:5   | Noticed an acid blob
 26005 | Lair:6   | Entered Level 6 of the Lair of Beasts
 26168 | Lair:6   | Received a gift from Trog
 26660 | Lair:6   | Found a sacrificial altar of Ru.
 27835 | D:14     | Reached XP level 16. HP: 130/140 MP: 14/16
 27917 | D:14     | Found an ancient bone altar of Kikubaaqudgha.
 28014 | D:14     | Noticed Snorg
 28020 | D:14     | Reached skill level 1 in Evocations
 28082 | D:14     | Killed Snorg
 28663 | D:14     | Noticed Nessos
 28668 | D:14     | Noticed Nessos
 28668 | D:14     | Nessos changed into Nessos the raiju
 28674 | D:14     | Killed Nessos the raiju
 29158 | D:14     | Found a gate to the Vaults.
 29581 | D:15     | Entered Level 15 of the Dungeon
 29991 | D:15     | Reached skill level 17 in Long Blades
 30496 | D:15     | Reached skill level 5 in Evocations
 31117 | Snake:1  | Entered Level 1 of the Snake Pit
 31913 | Elf:1    | Entered Level 1 of the Elven Halls
 32136 | Elf:1    | Identified the +2 buckler "Kaeroera" {rElec Regen+}
 32331 | Elf:1    | Reached XP level 17. HP: 102/146 MP: 7/17
 32582 | Elf:1    | Identified the +1 falchion of Circular Logic {flame, rN+}
 32812 | Elf:1    | Reached skill level 18 in Long Blades
 33084 | Elf:1    | Gained mutation: You are dopey. (Int -2) [a shining eye]
 33176 | Elf:1    | Received a gift from Trog
 33243 | Elf:1    | Paralysed by an air elemental for 1 turns
 33245 | Elf:1    | Paralysed by an air elemental for 1 turns
 33250 | Elf:1    | Paralysed by an air elemental for 1 turns
 33254 | Elf:1    | Paralysed by an air elemental for 1 turns
 33265 | Elf:1    | Paralysed by an air elemental for 1 turns
 34161 | Elf:3    | Entered Level 3 of the Elven Halls
 34167 | Elf:2    | Collided with a rock wall

Illustrated notes

Levels and vault maps discovered:
D:1:      giann_forest_graveyard, layout_loops_ring, minmay_tetromino_i4
D:2:      layout_basic
D:3:      layout_loops_ring, amcnicky_altar_gilded, lemuel_doored_altar,
          kennysheep_cross_room, minmay_goblin_outpost
D:4:      layout_basic, minmay_temple_entry_slanted, gup_sewer_entry_spiral,
          minmay_increasing_density, uniq_ijyb
D:5:      layout_cave_pools, dk_yredelemnul_ordeal
D:6:      layout_rooms, makhleb_grotto_becter, serial_curves, eino_curves_02,
          eino_curves_04, eino_curves_04, eino_curves_03, minivault_27,
          uniq_crazy_yiuf_cottage, uniq_sigmund
D:7:      layout_rooms, nicolae_uskayaw_dance_hall, ebering_ghost_rock_garden
D:8:      layout_rooms, grunt_dithmenos_smoke_and_mirrors,
          nicolae_wu_jian_wuxing_cycle, grunt_ministairs_10,
          minmay_misc_feat_square
D:9:      layout_roguey, david_lair_shrubbed, serial_shops, nicolae_diamond_shop
D:10:     gammafunk_jiyva_shrine, layout_long_grid, orc_0_dummy
D:11:     layout_roguey, hangedman_decor_push, uniq_harold, uniq_gastronok,
          uniq_fannar
D:12:     layout_long_grid, nicolae_trove_entry_path_of_doom, serial_park_tiny_2
D:13:     layout_irregular_city, enter_bailey_8, gauntlet_entry_generic,
          grunt_tough_drop
D:14:     layout_basic, grunt_vaults_entry_fortified, special_room
          [special_room_mythical_zoo], kiku_gazebo_garden_becter,
          grunt_ministairs_9, chequers_serial_rivers_small_3, uniq_nessos,
          uniq_snorg
D:15:     gammafunk_enter_depths_forms, layout_rooms, interstate_on_off,
          serial_bayou_lagoon_b
Lair:1:   layout_gridlike, maelrawn_ghost_gauntlet_escape, disabler_island,
          grunt_megastairs_5
Lair:2:   layout_cave_pods, basic_altar, uniq_erica
Lair:3:   layout_cave_pods
Lair:4:   layout_misc_corridors, minmay_shoals_entry_centaurs,
          guppyfry_snake_entry_garden, fungi_pond_lemuel, beast_lair_carwin_5,
          uniq_urug
Lair:5:   gammafunk_lair_enchanted_lake, layout_gridlike, slime_altar_2,
          uniq_rupert
Lair:6:   minmay_lair_end_frog_pond, layout_hall_layers, basic_altar,
          worms_lemuel
Snake:1:  nicolae_snake_shooting_gallery, layout_layer_cave,
          gammafunk_ghost_cemetery, drop_trap
Orc:1:    layout_caves, basic_altar
Orc:2:    pubby_orc_utopia
Elf:1:    eino_elf_arrival_shootout, layout_geoelf_octagon,
          kennysheep_underground_church, nicolae_elf_loose_elemental_storage
Elf:2:    elven_hall_of_blades_hangedman_original [nooodl_blade_entry_preview],
          layout_gridlike, serial_shops, nicolae_shop_trees,
          nicolae_elf_deep_friendship
Elf:3:    minmay_elf_hall_not_hex, layout_loops_cross, lemuel_flamethrower_3,
          uniq_donald

Skill      XL: |  1  2  3  4  5  6  7  8  9 10 11 12 13 14 15 16 17 |
---------------+----------------------------------------------------+-----
Long Blades    | 4 5 7 8 10 12 14 16 17 18 | 18.8
Fighting       | 6 11 14 16 | 16.9
Armour         | 4 8 9 |  9.7
Dodging        | 4 8 9 |  9.8
Evocations     | 5 |  5.5

Action                   |  1- 3 |  4- 6 |  7- 9 | 10-12 | 13-15 | 16-18 || total
-------------------------+-------+-------+-------+-------+-------+-------++-------
Melee: Falchion          |   121 |   289 |   395 |    91 |       |       ||   896
       Long sword        |       |       |       |   412 |   761 |       ||  1173
       Scimitar          |       |       |       |       |   573 |   626 ||  1199
Throw: Throwing net      |       |       |       |       |     4 |       ||     4
Invok: Berserk           |     1 |     5 |    14 |    26 |    29 |    18 ||    93
       Trog's Hand       |       |     4 |    15 |    16 |    29 |    11 ||    75
       Brothers in Arms  |       |       |       |       |     5 |     2 ||     7
 Abil: Evoke Invisibilit |       |       |       |       |       |     2 ||     2
Evoke: Wand              |       |     3 |    13 |     9 |    32 |    20 ||    77
       Tin of tremorston |       |       |       |       |     4 |       ||     4
       Box of beasts     |       |       |       |       |     1 |     1 ||     2
       Condenser vane    |       |       |       |       |       |     1 ||     1
       Phial of floods   |       |       |       |       |       |     1 ||     1
  Use: Scroll            |       |       |    15 |    14 |    15 |     2 ||    46
       Potion            |       |       |     2 |     4 |     6 |     2 ||    14
 Stab: Paralysed         |       |     7 |    12 |       |       |       ||    19
       Held in net/web   |       |       |       |       |     7 |       ||     7
       Sleeping          |       |       |       |       |     2 |       ||     2
       Distracted        |       |       |       |       |     1 |       ||     1
       Confused          |       |       |       |       |       |     1 ||     1
       Invisible         |       |       |       |       |       |     1 ||     1
Armor: Animal skin       |     8 |       |       |       |       |       ||     8
       Ring mail         |    57 |     2 |   166 |       |    15 |       ||   240
       Plate armour      |       |   224 |       |       |       |       ||   224
       Skin              |       |       |       |    38 |       |       ||    38
       Leather armour    |       |       |       |     7 |       |       ||     7
       Troll leather arm |       |       |       |   102 |   194 |       ||   296
       Crystal plate arm |       |       |       |       |   361 |   558 ||   919
Dodge: Dodged            |    93 |    97 |   245 |   244 |   523 |   375 ||  1577
       Rpst.: Falchion   |    28 |    29 |    67 |    10 |       |       ||   134
       Long sword        |       |       |       |    45 |    95 |       ||   140
       Scimitar          |       |       |       |       |    53 |    91 ||   144
